[Event "Niedersachsen-ch A 2024"]
[Site "Verden Aller"]
[Date "2024.01.06"]
[Round "5.1"]
[White "Lichtmannecker, Daniel"]
[Black "Jacobi, Felix-Hagen"]
[Result "1-0"]
[ECO "A44"]
[WhiteElo "2124"]
[BlackElo "2056"]
[Annotator "RC"]
[PlyCount "95"]
[EventDate "2024.01.01"]
[EventType "swiss"]
[EventCountry "GER"]
[SourceTitle "playchess.com"]
[Source "ChessBase"]
[SourceQuality "1"]
[TimeControl "40/5400+30:1800+30"]

1. d4 c5 2. d5 e5 3. e4 d6 4. Bb5+ Nd7 5. a4 a6 6. Bd3 Be7 7. Nf3 h6 8. Nc3 Bg5 9. Nxg5 hxg5 10. Qe2 f6 11. Nd1 Nf8 12. Ne3 Ng6 13. g3 N8e7 14. Bd2 a5 15. Nc4 Qc7 16. f3 Bd7 17. Kf2 Kf7 18. b3 Rh7 19. Rag1 b6 20. Ne3 Rah8 21. Ke1 Rh5 22. Qf2 R8h7 23. Nc4 Nc8 24. f4 gxf4 25. gxf4 Nxf4 26. Bxf4 exf4 27. Qxf4 R7h6 28. h4 g5 29. Qf3 Rxh4 30. Rxh4 Rxh4 31. Rxg5 Qd8 32. e5 Qh8 33. e6+ Ke7 34. Rg1 Be8 35. Ne3 Rh3 36. Nf5+ Kd8 37. Rg3 Rh1+ 38. Kd2 Ne7 39. Nxd6 Qh6+ 40. Kc3 Qc1 41. Qe4 Qa1+ 42. Kc4 Re1 43. Re3 Qa3 44. c3 Bxa4 45. Bc2 b5+ 46. Nxb5 Rxe3 47. Nxa3 Rxe4+ 48. Bxe4 1-0

[Event "Niedersachsen-ch A 2024"]
[Site "Verden Aller"]
[Date "2024.01.06"]
[Round "5.2"]
[White "Hebbinghaus, Holger"]
[Black "Peters, Tom"]
[Result "1-0"]
[ECO "B30"]
[WhiteElo "2164"]
[BlackElo "2102"]
[Annotator "RC"]
[PlyCount "111"]
[EventDate "2024.01.01"]
[EventType "swiss"]
[EventCountry "GER"]
[SourceTitle "playchess.com"]
[Source "ChessBase"]
[SourceQuality "1"]
[TimeControl "40/5400+30:1800+30"]

1. e4 c5 2. Nf3 Nc6 3. Bb5 Nd4 4. Nxd4 cxd4 5. c3 e5 6. cxd4 exd4 7. O-O Ne7 8. d3 Nc6 9. Nd2 Be7 10. Nf3 O-O 11. a3 a6 12. Bc4 d6 13. b4 Bg4 14. h3 Bh5 15. g4 Bg6 16. Bb2 Bf6 17. Bd5 h5 18. Nd2 hxg4 19. hxg4 Ne5 20. Nc4 Qd7 21. Nb6 Qb5 22. Nxa8 Rxa8 23. Bxd4 Nxg4 24. Qxg4 Bxd4 25. Qxg6 Qxd5 26. exd5 fxg6 27. Rac1 a5 28. Rc4 Bb6 29. Rfc1 Kf7 30. Rc8 Ra7 31. R1c2 axb4 32. axb4 Ra4 33. Rb8 Rxb4 34. Rxb7+ Kf6 35. d4 Kf5 36. Re2 Ba5 37. Rxb4 Bxb4 38. f3 g5 39. Re4 Bd2 40. Re7 Bc3 41. Re4 Bd2 42. Kg2 Bf4 43. Re7 Kf6 44. Re6+ Kf5 45. Kh3 g6 46. Re8 Kf6 47. Kg4 Kf7 48. Re6 Kg7 49. Kh3 Kf7 50. Kg2 Kg7 51. Kf1 Bg3 52. Ke2 Bf4 53. Kd3 Kh6 54. Re7 Bc1 55. Kc4 Bb2 56. Rd7 1-0

[Event "Niedersachsen-ch A 2024"]
[Site "Verden Aller"]
[Date "2024.01.06"]
[Round "5.3"]
[White "Celik, Abdullah"]
[Black "Stotyn, Fabian"]
[Result "0-1"]
[ECO "D36"]
[WhiteElo "2081"]
[BlackElo "2139"]
[Annotator "RC"]
[PlyCount "96"]
[EventDate "2024.01.01"]
[EventType "swiss"]
[EventCountry "GER"]
[SourceTitle "playchess.com"]
[Source "ChessBase"]
[SourceQuality "1"]
[TimeControl "40/5400+30:1800+30"]

1. d4 Nf6 2. c4 e6 3. Nc3 d5 4. cxd5 exd5 5. Bg5 Be7 6. Qc2 c6 7. e3 Nbd7 8. Bd3 Nf8 9. h3 Ne6 10. Bh4 Nh5 11. Bxe7 Qxe7 12. O-O-O Nf6 13. Nf3 Bd7 14. Kb1 O-O-O 15. Rc1 Kb8 16. Ne5 g6 17. Na4 Ne8 18. Qb3 Ka8 19. Be2 f6 20. Nd3 Nxd4 21. exd4 Qxe2 22. Nac5 Nd6 23. Rhe1 Qd2 24. g4 Qa5 25. Re7 Bc8 26. Nf4 Rde8 27. Qe3 Ne4 28. Rxe8 Rxe8 29. Nb3 Qd8 30. Re1 Nd6 31. Qd2 Re7 32. Rxe7 Qxe7 33. f3 Nc4 34. Qf2 f5 35. Nd2 Nd6 36. Nf1 fxg4 37. hxg4 Qf8 38. Qh2 Nb5 39. Nd2 Nxd4 40. a3 g5 41. Nd3 Nxf3 42. Nxf3 Qxf3 43. Ne5 Qe4+ 44. Ka1 a6 45. Qg3 d4 46. b3 Be6 47. Kb2 Qe2+ 48. Kc1 Bxb3 0-1

[Event "Niedersachsen-ch A 2024"]
[Site "Verden Aller"]
[Date "2024.01.06"]
[Round "5.4"]
[White "Carlstedt, Jonathan"]
[Black "Hoellmann, Ludger"]
[Result "0-1"]
[ECO "B12"]
[WhiteElo "2447"]
[BlackElo "2015"]
[Annotator "RC"]
[PlyCount "76"]
[EventDate "2024.01.01"]
[EventType "swiss"]
[EventCountry "GER"]
[SourceTitle "playchess.com"]
[Source "ChessBase"]
[SourceQuality "1"]
[TimeControl "40/5400+30:1800+30"]

1. e4 c6 2. d4 d5 3. e5 c5 4. Nf3 cxd4 5. Nxd4 e6 6. Nc3 Nc6 7. Bb5 Bd7 8. O-O Nge7 9. Bg5 h6 10. Bh4 Nxd4 11. Qxd4 Nf5 12. Qa4 g5 13. Bg3 a6 14. Bxd7+ Qxd7 15. Qxd7+ Kxd7 16. f4 Rc8 17. Rac1 Bc5+ 18. Bf2 Ne3 19. Na4 gxf4 20. Nxc5+ Rxc5 21. Bxe3 fxe3 22. Rxf7+ Kc6 23. Rf4 Rg8 24. h4 b5 25. c3 Rc4 26. Rf6 d4 27. Re1 dxc3 28. bxc3 Rxc3 29. h5 Kd5 30. Rxh6 Rg5 31. Re2 Kxe5 32. Rh8 Ke4 33. h6 Rc1+ 34. Kh2 Kd3 35. Rb2 e2 36. Rd8+ Ke3 37. Rb3+ Ke4 38. Rd6 Rh1+ 0-1

[Event "Niedersachsen-ch A 2024"]
[Site "Verden Aller"]
[Date "2024.01.06"]
[Round "5.5"]
[White "Loecken, Siegfried"]
[Black "Schulz, Jens"]
[Result "1/2-1/2"]
[ECO "A04"]
[WhiteElo "2014"]
[BlackElo "2152"]
[Annotator "RC"]
[PlyCount "54"]
[EventDate "2024.01.01"]
[EventType "swiss"]
[EventCountry "GER"]
[SourceTitle "playchess.com"]
[Source "ChessBase"]
[SourceQuality "1"]
[TimeControl "40/5400+30:1800+30"]

1. e4 c5 2. d3 Nc6 3. g3 g6 4. Bg2 Bg7 5. Nf3 d6 6. O-O e5 7. Nbd2 Nge7 8. c3 O-O 9. Rb1 a5 10. a3 b5 11. Re1 h6 12. b4 axb4 13. axb4 cxb4 14. cxb4 Ra4 15. Bf1 Bd7 16. d4 Nxd4 17. Nxd4 exd4 18. Nb3 Qb6 19. Na5 Nc6 20. Nxc6 Bxc6 21. Bf4 Bd7 22. h4 h5 23. e5 dxe5 24. Bxe5 Bxe5 25. Rxe5 Qd6 26. Re4 d3 27. Qxd3 Qxd3 1/2-1/2

[Event "Niedersachsen-ch A 2024"]
[Site "Verden Aller"]
[Date "2024.01.06"]
[Round "5.6"]
[White "Soellig, Martin"]
[Black "Lau, Udo"]
[Result "1/2-1/2"]
[ECO "B24"]
[WhiteElo "1892"]
[BlackElo "2071"]
[Annotator "NA RC"]
[PlyCount "101"]
[EventDate "2024.01.01"]
[EventType "swiss"]
[EventCountry "GER"]
[SourceTitle "playchess.com"]
[Source "ChessBase"]
[SourceQuality "1"]
[TimeControl "40/5400+30:1800+30"]

1. e4 c5 2. Nc3 e6 3. g3 Nc6 4. Bg2 Nf6 5. Nge2 Be7 6. O-O O-O 7. d3 d5 8. exd5 exd5 9. Bg5 d4 10. Bxf6 Bxf6 11. Ne4 Be7 12. h3 f5 13. Nd2 Be6 14. Kh2 Bf7 15. a4 Qd7 16. Nc4 Bf6 17. Qd2 Rae8 18. Rfe1 Ne5 19. Nxe5 Rxe5 20. b3 Rfe8 21. Ng1 b6 22. Nf3 Rxe1 23. Rxe1 h6 24. Rxe8+ Qxe8 25. Qe1 Qb8 26. Nd2 a6 27. Qe2 b5 28. axb5 axb5 29. Qf3 Qe5 30. Qd1 Kh7 31. Bc6 Qb8 32. Qf3 Be6 33. Bd5 Bc8 34. Qe2 Qe5 35. Qxe5 Bxe5 36. f4 Bc7 37. Bc6 Ba6 38. Nf3 Kg6 39. Nh4+ Kf6 40. Nf3 g5 41. fxg5+ hxg5 42. Kg2 Ba5 43. g4 Bc3 44. Bd7 fxg4 45. hxg4 c4 46. bxc4 bxc4 47. Bf5 cxd3 48. cxd3 Bb5 49. Kf2 Ba4 50. Ke2 Bc2 51. Bd7 1/2-1/2

[Event "Niedersachsen-ch A 2024"]
[Site "Verden Aller"]
[Date "2024.01.06"]
[Round "5.7"]
[White "Kiesel, Lucas"]
[Black "Nielsen, Lars Aaes"]
[Result "1-0"]
[ECO "D16"]
[WhiteElo "1987"]
[BlackElo "2202"]
[Annotator "RC"]
[PlyCount "53"]
[EventDate "2024.01.01"]
[EventType "swiss"]
[EventCountry "GER"]
[SourceTitle "playchess.com"]
[Source "ChessBase"]
[SourceQuality "1"]
[TimeControl "40/5400+30:1800+30"]

1. d4 Nf6 2. c4 c6 3. Nf3 d5 4. Nc3 dxc4 5. a4 Nd5 6. e4 Nxc3 7. bxc3 b5 8. Be2 e6 9. O-O Be7 10. e5 O-O 11. Nd2 Bb7 12. f4 f5 13. exf6 gxf6 14. f5 e5 15. Nf3 Nd7 16. Nh4 Kh8 17. Bh5 exd4 18. Ng6+ hxg6 19. Bxg6 Kg7 20. Bh6+ Kg8 21. Qg4 Kh8 22. Bg7+ Kxg7 23. Be8+ Kh8 24. Qh5+ Kg8 25. Qg6+ Kh8 26. Rf4 Qxe8 27. Rh4# 1-0

[Event "Niedersachsen-ch A 2024"]
[Site "Verden Aller"]
[Date "2024.01.06"]
[Round "5.8"]
[White "Ahlbrecht, Malte"]
[Black "Trunz, Michelle"]
[Result "1-0"]
[ECO "B22"]
[WhiteElo "1727"]
[BlackElo "2023"]
[Annotator "NA RC"]
[PlyCount "69"]
[EventDate "2024.01.01"]
[EventType "swiss"]
[EventCountry "GER"]
[SourceTitle "playchess.com"]
[Source "ChessBase"]
[SourceQuality "1"]
[TimeControl "40/5400+30:1800+30"]

1. e4 c5 2. c3 e6 3. d4 d5 4. exd5 Qxd5 5. Nf3 Nf6 6. Na3 Be7 7. Bd3 O-O 8. O-O Qd8 9. Nc4 Nc6 10. Re1 cxd4 11. cxd4 Nb4 12. Bb1 b5 13. Nce5 Bb7 14. Bg5 Rc8 15. a3 Nbd5 16. Bd3 a6 17. Qe2 h6 18. Bd2 Qb6 19. a4 Nb4 20. Bb1 Rfd8 21. a5 Bxf3 22. gxf3 Qb7 23. h4 Rxd4 24. Bc3 Rxh4 25. Nxf7 Kxf7 26. Qxe6+ Kf8 27. Bg6 Bc5 28. Bxf6 Rh1+ 29. Kg2 Rh2+ 30. Kxh2 gxf6 31. Qxf6+ Kg8 32. Qe6+ Kf8 33. Qf6+ Kg8 34. Rg1 Qc7+ 35. f4 1-0

[Event "Niedersachsen-ch A 2024"]
[Site "Verden Aller"]
[Date "2024.01.06"]
[Round "5.9"]
[White "Witthaus, Joerg"]
[Black "Moeller, Tom"]
[Result "1-0"]
[ECO "B40"]
[WhiteElo "2029"]
[BlackElo "1677"]
[Annotator "NA RC"]
[PlyCount "54"]
[EventDate "2024.01.01"]
[EventType "swiss"]
[EventCountry "GER"]
[SourceTitle "playchess.com"]
[Source "ChessBase"]
[SourceQuality "1"]
[TimeControl "40/5400+30:1800+30"]

1. e4 c5 2. Nf3 e6 3. c3 d5 4. exd5 exd5 5. Bb5+ Bd7 6. Bxd7+ Nxd7 7. O-O Bd6 8. d4 Ne7 9. Re1 O-O 10. Nbd2 Nc6 11. dxc5 Nxc5 12. Nf1 Qd7 13. Ng3 Bc7 14. Be3 Ne6 15. Qd3 Rad8 16. Rad1 Bf4 17. Qf5 Bxe3 18. Rxe3 Ne7 19. Qc2 Rfe8 20. Red3 Nf4 21. R3d2 Neg6 22. Qf5 Qa4 23. b3 Qc6 24. h4 d4 25. h5 Re5 26. Qg4 f5 27. Nxf5 Rf8 1-0

[Event "Niedersachsen-ch A 2024"]
[Site "Verden Aller"]
[Date "2024.01.06"]
[Round "5.10"]
[White "Sickmann, Lisa"]
[Black "Weigand, Anton"]
[Result "1-0"]
[ECO "B45"]
[WhiteElo "1961"]
[BlackElo "2013"]
[Annotator "NA RC"]
[PlyCount "59"]
[EventDate "2024.01.01"]
[EventType "swiss"]
[EventCountry "GER"]
[SourceTitle "playchess.com"]
[Source "ChessBase"]
[SourceQuality "1"]
[TimeControl "40/5400+30:1800+30"]

1. e4 c5 2. Nf3 e6 3. d4 cxd4 4. Nxd4 Nf6 5. Nc3 Nc6 6. Ndb5 Bc5 7. Nd6+ Ke7 8. Bf4 e5 9. Nf5+ Kf8 10. Bg5 d6 11. Ne3 Be6 12. Qd2 Bb4 13. Bxf6 Qxf6 14. Bc4 Nd4 15. a3 Ba5 16. b4 Bd8 17. Ncd5 Qg6 18. Qd3 f5 19. exf5 Nxf5 20. O-O-O Rc8 21. Rhf1 Nd4 22. f4 Qxd3 23. Bxd3 Kg8 24. fxe5 dxe5 25. Bc4 Rxc4 26. Nxc4 Bxd5 27. Nxe5 Bxg2 28. Rf2 Bg5+ 29. Kb2 Bf6 30. Nd7 1-0

[Event "Niedersachsen-ch A 2024"]
[Site "Verden Aller"]
[Date "2024.01.06"]
[Round "5.11"]
[White "Boerma, Daniel"]
[Black "Stein, Luis"]
[Result "1-0"]
[ECO "B13"]
[WhiteElo "1905"]
[BlackElo "1762"]
[Annotator "NA RC"]
[PlyCount "61"]
[EventDate "2024.01.01"]
[EventType "swiss"]
[EventCountry "GER"]
[SourceTitle "playchess.com"]
[Source "ChessBase"]
[SourceQuality "1"]
[TimeControl "40/5400+30:1800+30"]

1. e4 c6 2. Nf3 d5 3. exd5 cxd5 4. d4 Nf6 5. Bd3 Bg4 6. Nbd2 e6 7. c3 Bd6 8. Qc2 Nc6 9. O-O Rc8 10. Qb1 O-O 11. b3 e5 12. dxe5 Nxe5 13. Bb2 Bxf3 14. Nxf3 Nxf3+ 15. gxf3 Bb8 16. Kg2 Ne4 17. fxe4 Qg5+ 18. Kf3 Qf4+ 19. Ke2 dxe4 20. Bxe4 Rfe8 21. f3 f5 22. Qc1 Qxh2+ 23. Rf2 Qh5 24. Kd3 fxe4+ 25. fxe4 Rcd8+ 26. Kc2 Rxe4 27. b4 Qg6 28. Kb3 a5 29. Qf1 axb4 30. Rd1 Rxd1 31. Rf8# 1-0

[Event "Niedersachsen-ch A 2024"]
[Site "Verden Aller"]
[Date "2024.01.06"]
[Round "5.12"]
[White "Drygala, Lars"]
[Black "Ay, Furkan"]
[Result "1-0"]
[ECO "D02"]
[WhiteElo "1869"]
[BlackElo "1544"]
[Annotator "NA RC"]
[PlyCount "95"]
[EventDate "2024.01.01"]
[EventType "swiss"]
[EventCountry "GER"]
[SourceTitle "playchess.com"]
[Source "ChessBase"]
[SourceQuality "1"]
[TimeControl "40/5400+30:1800+30"]

1. d4 Nf6 2. Nf3 d5 3. Bf4 c5 4. e3 Nc6 5. Be2 Bf5 6. dxc5 e6 7. Nd4 Bg6 8. Bb5 Rc8 9. c3 Nh5 10. b4 Nxf4 11. exf4 Qc7 12. Qf3 Be7 13. f5 Qe5+ 14. Kd1 Bxf5 15. Nxf5 Qxf5 16. Qxf5 exf5 17. Re1 Kd7 18. Re5 Bf6 19. Rxd5+ Kc7 20. Bxc6 Kxc6 21. Rd6+ Kc7 22. Na3 a6 23. Kc2 Rcd8 24. Nc4 Rhe8 25. Rad1 Re2+ 26. R1d2 Rxd2+ 27. Kxd2 Bg5+ 28. Kd3 Re8 29. Nb6 Rd8 30. Nd5+ Kc8 31. Rxd8+ Kxd8 32. Kd4 Kd7 33. a4 Bd2 34. f4 Be1 35. b5 axb5 36. axb5 f6 37. Nb4 Bf2+ 38. Kd5 g5 39. c6+ bxc6+ 40. bxc6+ Kc7 41. Na6+ Kc8 42. c7 Be3 43. fxg5 fxg5 44. Ke5 f4 45. Ke4 h5 46. Nb4 g4 47. Nd5 g3 48. hxg3 1-0

[Event "Niedersachsen-ch A 2024"]
[Site "Verden Aller"]
[Date "2024.01.06"]
[Round "5.13"]
[White "Miljkovic, Jovana"]
[Black "Hoke, Joshua"]
[Result "1/2-1/2"]
[ECO "E06"]
[WhiteElo "2035"]
[BlackElo "1600"]
[Annotator "RC"]
[PlyCount "120"]
[EventDate "2024.01.01"]
[EventType "swiss"]
[EventCountry "GER"]
[SourceTitle "playchess.com"]
[Source "ChessBase"]
[SourceQuality "1"]
[TimeControl "40/5400+30:1800+30"]

1. Nf3 Nf6 2. c4 e6 3. g3 d5 4. d4 Be7 5. Bg2 c6 6. Qc2 O-O 7. O-O b6 8. cxd5 exd5 9. Nc3 Bb7 10. Bf4 Na6 11. a3 c5 12. Rfd1 Nc7 13. dxc5 bxc5 14. Qb3 Qc8 15. Ng5 c4 16. Qc2 Ne6 17. Bh3 g6 18. Nxe6 fxe6 19. Nb5 Nh5 20. Be3 Ng7 21. Nxa7 Qb8 22. Nb5 e5 23. Bh6 Bc5 24. e3 Ba6 25. Nc3 d4 26. exd4 exd4 27. Ne4 Bb6 28. Bxg7 Kxg7 29. Re1 Qd8 30. Qd2 Ba5 31. Qc2 Bxe1 32. Rxe1 Qd5 33. Qd2 Bb7 34. Qg5 Rae8 35. Qxd5 Bxd5 36. Bg2 Bxe4 37. Bxe4 Re7 38. Kf1 Rfe8 39. f3 Rb8 40. Re2 d3 41. Bxd3 Rxe2 42. Bxe2 Rxb2 43. Bxc4 Rxh2 44. a4 Rc2 45. Bd5 Rd2 46. Bc4 Rd1+ 47. Ke2 Ra1 48. Bb5 Ra3 49. g4 h5 50. gxh5 gxh5 51. Kf2 Kf6 52. Kg3 Kg5 53. Bc6 Rc3 54. Bd5 Rc5 55. Bb7 Rc7 56. Bd5 Ra7 57. Bc6 Ra5 58. Bb5 h4+ 59. Kh3 Ra7 60. Bc6 Ra5 1/2-1/2

[Event "Niedersachsen-ch A 2024"]
[Site "Verden Aller"]
[Date "2024.01.06"]
[Round "5.14"]
[White "Bulygin, Anton"]
[Black "Thomas, Jeremy"]
[Result "1-0"]
[ECO "A36"]
[WhiteElo "2040"]
[BlackElo "1893"]
[Annotator "NA RC"]
[PlyCount "53"]
[EventDate "2024.01.01"]
[EventType "swiss"]
[EventCountry "GER"]
[SourceTitle "playchess.com"]
[Source "ChessBase"]
[SourceQuality "1"]
[TimeControl "40/5400+30:1800+30"]

1. e4 c5 2. c4 Nc6 3. Nc3 g6 4. g3 Bg7 5. Bg2 e6 6. Nge2 Nge7 7. d3 O-O 8. h4 d5 9. exd5 exd5 10. O-O dxc4 11. dxc4 Be6 12. Nd5 Bxd5 13. cxd5 Nd4 14. Nf4 Qd6 15. Be3 Rfe8 16. Qd3 Nef5 17. Rae1 Re7 18. Bxd4 Bxd4 19. Rxe7 Nxe7 20. b4 Nf5 21. bxc5 Bxc5 22. Qf3 Rb8 23. Rd1 b5 24. Bh3 Ne7 25. Kg2 a5 26. Ne6 Nxd5 27. Rxd5 1-0

[Event "Niedersachsen-ch A 2024"]
[Site "Verden Aller"]
[Date "2024.01.06"]
[Round "5.15"]
[White "Martin, Dennis"]
[Black "Lehmkuhl, Stefan"]
[Result "1-0"]
[ECO "D20"]
[WhiteElo "1991"]
[BlackElo "1839"]
[Annotator "NA RC"]
[PlyCount "40"]
[EventDate "2024.01.01"]
[EventType "swiss"]
[EventCountry "GER"]
[SourceTitle "playchess.com"]
[Source "ChessBase"]
[SourceQuality "1"]
[TimeControl "40/5400+30:1800+30"]

1. d4 d5 2. c4 dxc4 3. e4 c5 4. d5 Nf6 5. Nc3 e6 6. Bxc4 a6 7. a4 Be7 8. Bf4 exd5 9. Nxd5 Nxd5 10. Bxd5 Qa5+ 11. Bd2 Qb6 12. Bc3 O-O 13. a5 Qg6 14. Ne2 Nc6 15. O-O Nb4 16. Nf4 Qh6 17. Nh5 Nxd5 18. Bxg7 Qg6 19. Bxf8 Bxf8 20. Qxd5 Be6 1-0

[Event "Niedersachsen-ch A 2024"]
[Site "Verden Aller"]
[Date "2024.01.06"]
[Round "5.16"]
[White "Buecklers, Martin"]
[Black "Stoy, Ulf"]
[Result "1/2-1/2"]
[ECO "A04"]
[WhiteElo "1877"]
[BlackElo "1985"]
[Annotator "NA RC"]
[PlyCount "43"]
[EventDate "2024.01.01"]
[EventType "swiss"]
[EventCountry "GER"]
[SourceTitle "playchess.com"]
[Source "ChessBase"]
[SourceQuality "1"]
[TimeControl "40/5400+30:1800+30"]

1. e4 g6 2. g3 Bg7 3. Bg2 e5 4. Nf3 Nc6 5. O-O d6 6. d3 Nge7 7. Nc3 O-O 8. Nh4 Be6 9. f4 exf4 10. gxf4 f5 11. Nf3 fxe4 12. Ng5 Qd7 13. Nxe6 Qxe6 14. Nxe4 h6 15. c3 Rae8 16. Re1 Qc8 17. Bd2 Kh7 18. Qb3 b6 19. Nf2 Qf5 20. Qe6 Nd8 21. Qc4 Qc5 22. Qxc5 1/2-1/2

[Event "Niedersachsen-ch A 2024"]
[Site "Verden Aller"]
[Date "2024.01.06"]
[Round "5.17"]
[White "Monnerjahn, Lukas"]
[Black "Koch, Yannick"]
[Result "0-1"]
[ECO "D35"]
[WhiteElo "1856"]
[BlackElo "1981"]
[Annotator "NA RC"]
[PlyCount "66"]
[EventDate "2024.01.01"]
[EventType "swiss"]
[EventCountry "GER"]
[SourceTitle "playchess.com"]
[Source "ChessBase"]
[SourceQuality "1"]
[TimeControl "40/5400+30:1800+30"]

1. d4 Nf6 2. c4 e6 3. Nf3 d5 4. g3 Bd6 5. Bg2 O-O 6. O-O Nc6 7. cxd5 exd5 8. Nc3 h6 9. a3 Re8 10. Bf4 Bxf4 11. gxf4 Ne7 12. Ne5 Nf5 13. e3 c6 14. b4 Nd6 15. a4 Bf5 16. b5 Rc8 17. Qe2 cxb5 18. Nxb5 a6 19. Nxd6 Qxd6 20. Rfc1 Qb4 21. Qa2 Qa5 22. Qb3 Qd2 23. Rd1 Bc2 24. Rxd2 Bxb3 25. a5 Rc3 26. Bh3 Ne4 27. Rb2 Nd6 28. Nd7 Re7 29. Nc5 Bc4 30. Bg4 Bb5 31. Kg2 Nc4 32. Rbb1 Rc2 33. Bf5 Nxe3+ 0-1

[Event "Niedersachsen-ch A 2024"]
[Site "Verden Aller"]
[Date "2024.01.06"]
[Round "5.18"]
[White "Kieselbach, Marvin"]
[Black "Harms, Friedjof"]
[Result "0-1"]
[ECO "C65"]
[WhiteElo "1926"]
[BlackElo "1844"]
[Annotator "RC"]
[PlyCount "112"]
[EventDate "2024.01.01"]
[EventType "swiss"]
[EventCountry "GER"]
[SourceTitle "playchess.com"]
[Source "ChessBase"]
[SourceQuality "1"]
[TimeControl "40/5400+30:1800+30"]

1. e4 e5 2. Nf3 Nc6 3. Bb5 Bc5 4. O-O Nf6 5. Nxe5 Nxe5 6. d4 a6 7. Be2 Nxe4 8. dxc5 Nxc5 9. b4 Ne6 10. f4 Nc6 11. f5 Ned4 12. f6 gxf6 13. Bb2 Nxe2+ 14. Qxe2+ Ne5 15. Nc3 d5 16. Rxf6 Qxf6 17. Nxd5 Qd6 18. Qxe5+ Qxe5 19. Bxe5 Be6 20. Nxc7+ Ke7 21. Bxh8 Rxh8 22. Nxe6 Kxe6 23. c4 Rd8 24. Re1+ Kf6 25. a3 Rd3 26. Re8 Rxa3 27. Rb8 Rc3 28. Rxb7 Rxc4 29. Rb6+ Kg5 30. Kf2 Rc2+ 31. Kf3 Rc3+ 32. Ke4 f5+ 33. Kd4 Rc2 34. Rb7 Kf4 35. g3+ Kf3 36. Rxh7 a5 37. bxa5 Ra2 38. Ra7 Rxh2 39. Ke5 Rh5 40. Kf6 Kxg3 41. Rg7+ Kh4 42. Rg1 f4 43. Ra1 f3 44. a6 f2 45. Kg6 Rg5+ 46. Kh6 Rg1 47. Ra4+ Kg3 48. Ra3+ Kf4 49. a7 f1=Q 50. a8=Q Rh1+ 51. Kg7 Qg1+ 52. Kf7 Rh7+ 53. Ke6 Qe1+ 54. Kd6 Qe5+ 55. Kc6 Rc7+ 56. Kb6 Qc5+ 0-1

[Event "Niedersachsen-ch A 2024"]
[Site "Verden Aller"]
[Date "2024.01.06"]
[Round "5.19"]
[White "Aden, Dagmar"]
[Black "Reins, Henning"]
[Result "1/2-1/2"]
[ECO "A49"]
[WhiteElo "1766"]
[BlackElo "1950"]
[Annotator "RC"]
[PlyCount "152"]
[EventDate "2024.01.01"]
[EventType "swiss"]
[EventCountry "GER"]
[SourceTitle "playchess.com"]
[Source "ChessBase"]
[SourceQuality "1"]
[TimeControl "40/5400+30:1800+30"]

1. Nf3 Nf6 2. g3 g6 3. Bg2 Bg7 4. d4 O-O 5. O-O c5 6. c3 Qb6 7. dxc5 Qxc5 8. Nbd2 d6 9. Re1 a5 10. Nf1 a4 11. a3 Nc6 12. Be3 Qb5 13. Qc1 e5 14. c4 Qa6 15. Rd1 Na5 16. N1d2 Ng4 17. Qc2 Nxe3 18. fxe3 Qb6 19. Qxa4 Qxe3+ 20. Kh1 Be6 21. Nf1 Qxe2 22. Qb4 Nxc4 23. b3 Na5 24. Rxd6 Nxb3 25. Re1 Qa2 26. Nxe5 Rfe8 27. Qxb7 Qxa3 28. Rxe6 fxe6 29. Qf7+ Kh8 30. Bxa8 Qxa8+ 31. Qf3 Qxf3+ 32. Nxf3 e5 33. Ng5 Nc5 34. Ne4 Nxe4 35. Rxe4 Kg8 36. Kg2 Kf7 37. Kf3 Bh6 38. Rh4 Kg7 39. Re4 Bg5 40. h4 Bc1 41. Rc4 Rf8+ 42. Ke2 Bb2 43. Nd2 h5 44. Nf3 Re8 45. Ke3 Kf6 46. Ke4 Re6 47. Rc7 Rb6 48. Rc4 Ba3 49. Ra4 Bc5 50. Ng5 Bf2 51. Ra3 Rb4+ 52. Kf3 Be1 53. Ne4+ Kf5 54. Nd6+ Ke6 55. Ne4 Kd5 56. Rd3+ Rd4 57. Re3 Bd2 58. Re2 Bb4 59. Nf6+ Ke6 60. Ne4 Kf5 61. Nf2 Rc4 62. Ne4 Bc5 63. Ng5 Rc3+ 64. Kg2 Bd4 65. Ne4 Re3 66. Rxe3 Bxe3 67. Kf3 Bd4 68. Nd6+ Ke6 69. Ne4 Bb6 70. Ng5+ Kd5 71. Ne4 Kd4 72. Ng5 Kd3 73. Ne4 Be3 74. Nf6 g5 75. hxg5 Bxg5 76. Ne4 Be7 1/2-1/2

[Event "Niedersachsen-ch A 2024"]
[Site "Verden Aller"]
[Date "2024.01.06"]
[Round "5.20"]
[White "Ehlert, Horst"]
[Black "Schramm, Kilian"]
[Result "1/2-1/2"]
[ECO "D03"]
[WhiteElo "1940"]
[BlackElo "1729"]
[Annotator "NA RC"]
[PlyCount "86"]
[EventDate "2024.01.01"]
[EventType "swiss"]
[EventCountry "GER"]
[SourceTitle "playchess.com"]
[Source "ChessBase"]
[SourceQuality "1"]
[TimeControl "40/5400+30:1800+30"]

1. Nf3 Nf6 2. d4 e6 3. Bg5 d5 4. e3 Be7 5. Bd3 Nbd7 6. Nbd2 b6 7. Qe2 Bb7 8. e4 dxe4 9. Nxe4 Nxe4 10. Bxe7 Qxe7 11. Bxe4 Bxe4 12. Qxe4 O-O 13. c3 c5 14. O-O cxd4 15. Nxd4 Nf6 16. Qf3 Rac8 17. Rad1 Rc5 18. Rfe1 Qc7 19. h3 e5 20. Nf5 e4 21. Qg3 Qxg3 22. Nxg3 Re5 23. Rd4 Rfe8 24. Red1 g5 25. Rd8 Kg7 26. Rxe8 Rxe8 27. Nf5+ Kg6 28. Ne3 Re6 29. g4 h5 30. Rd8 Re8 31. Rd6 Re6 32. Rxe6 fxe6 33. Kg2 hxg4 34. hxg4 Nd5 35. c4 Nf4+ 36. Kf1 Kf6 37. b4 Nd3 38. a3 Ke5 39. Nc2 Kf4 40. Nd4 Kxg4 41. Nxe6 Kf5 42. Nd4+ Kf4 43. Ne6+ Kf5 1/2-1/2

[Event "Niedersachsen-ch A 2024"]
[Site "Verden Aller"]
[Date "2024.01.06"]
[Round "5.21"]
[White "Gottschalk, Siegfried"]
[Black "Moeller, Jonas"]
[Result "1/2-1/2"]
[ECO "E52"]
[WhiteElo "1939"]
[BlackElo "1836"]
[Annotator "NA RC"]
[PlyCount "72"]
[EventDate "2024.01.01"]
[EventType "swiss"]
[EventCountry "GER"]
[SourceTitle "playchess.com"]
[Source "ChessBase"]
[SourceQuality "1"]
[TimeControl "40/5400+30:1800+30"]

1. d4 Nf6 2. c4 e6 3. Nc3 Bb4 4. e3 O-O 5. Bd2 d5 6. Nf3 b6 7. cxd5 exd5 8. Rc1 Bb7 9. Bd3 c5 10. a3 Bxc3 11. Bxc3 Nbd7 12. O-O Ne4 13. b3 Nxc3 14. Rxc3 Qe7 15. Qb1 Nf6 16. Qb2 Rac8 17. Rc2 Rfd8 18. Rfc1 g6 19. Bf1 Ne8 20. h3 Rc7 21. Ne5 f6 22. Nf3 Rdc8 23. Be2 Nd6 24. Nd2 Nf5 25. Bg4 Qe6 26. Nf1 h5 27. Bxf5 Qxf5 28. Ng3 Qe6 29. Ne2 Qf7 30. Nc3 cxd4 31. exd4 Ba6 32. Nd1 Bd3 33. Rxc7 Rxc7 34. Rxc7 Qxc7 35. Ne3 Qc6 36. Qd2 Ba6 1/2-1/2

[Event "Niedersachsen-ch A 2024"]
[Site "Verden Aller"]
[Date "2024.01.06"]
[Round "5.22"]
[White "Heirich, Andreas"]
[Black "Carsten, Juergen"]
[Result "1/2-1/2"]
[ECO "D45"]
[WhiteElo "1925"]
[BlackElo "1749"]
[Annotator "NA RC"]
[PlyCount "40"]
[EventDate "2024.01.01"]
[EventType "swiss"]
[EventCountry "GER"]
[SourceTitle "playchess.com"]
[Source "ChessBase"]
[SourceQuality "1"]
[TimeControl "40/5400+30:1800+30"]

1. d4 d5 2. c4 e6 3. Nc3 c6 4. e3 Bd6 5. Nf3 Nf6 6. Be2 Nbd7 7. O-O Qe7 8. c5 Bc7 9. b4 e5 10. dxe5 Nxe5 11. Bb2 O-O 12. Nb1 Nxf3+ 13. Bxf3 Ne4 14. g3 f5 15. Nd2 Qg5 16. Bg2 Be6 17. Nf3 Qe7 18. Nd4 Bd7 19. Nf3 Rad8 20. Bd4 Bc8 1/2-1/2